 Dungeon Crawl Stone Soup version 0.31-a0-618-g7ca08c1ff9 (webtiles) character file.

Game seed: 10728375594368633608

22142 Newt the Fighter (level 12, -33/77 HPs)
             Began as a Gargoyle Fighter on Aug 22, 2023.
             Was an Initiate of Gozag.
             Annihilated by a very large slime creature (48 damage)
             ... on level 14 of the Dungeon.
             The game lasted 00:25:07 (16808 turns).

Newt the Fighter (Gargoyle Fighter)                Turns: 16808, Time: 00:25:08

Health: -33/77     AC: 27    Str: 26    XL:     12   Next: 97%
Magic:  18/18      EV: 12    Int:  9    God:    Gozag
Gold:   575        SH:  5    Dex: 11    Spells: 18/20 levels left

rFire   + . .        N - +8 war axe (elec)
rCold   . . .        c - +0 buckler
rNeg    + . .        x - +7 leather armour of the Playwright {Rampage rCorr}
rPois   ∞            M - +2 hat {Stlth+}
rElec   +            V - +1 cloak
rCorr   +            P - +2 pair of gloves {Str+3}
SInv    .            (no boots)
Will    .....        e - amulet of regeneration
Stlth   ++           S - +4 ring of slaying
HPRegen 1.12/turn    v - ring of protection from fire
MPRegen 0.16/turn

%: rampage
@: studying 2 skills
A: sickness immunity, AC +8, negative energy resistance 1, electricity
resistance, torment resistance 1, petrification resistance
a: Renounce Religion, Potion Petition, Call Merchant, Bribe Branch


You were on level 14 of the Dungeon.
You worshipped Gozag.
Gozag was pleased with you.
You visited 1 branch of the dungeon, and saw 14 of its levels.
You also visited: Ossuary and Bailey.

You collected 3578 gold pieces.
You spent 2961 gold pieces at shops.
You paid 42 gold pieces to Gozag.

Inventory:

Hand Weapons
 a - a +0 flail
 j - the +5 dagger of the Lettuce {venom, rElec Str+5 Dex+3}
   (You found it on level 2 of the Dungeon)

   Str+5:     It affects your strength (+5).
   Dex+3:     It affects your dexterity (+3).
   rElec:     It insulates you from electricity.
 N - a +8 war axe of electrocution (weapon)
 U - a -1 demon whip of venom
Missiles
 k - 5 throwing nets
 D - 35 poisoned darts (quivered)
Armour
 b - a +0 scale mail
 c - a +0 buckler (worn)
 x - the +7 leather armour of the Playwright (worn) {Rampage rCorr}
   (You took it off a gnoll bouda in a bailey)

   rCorr:     It protects you from acid and corrosion.
   Rampage:   It bestows one free step when moving towards enemies.
 z - a +2 scale mail of fire resistance
 E - a +0 cloak
 G - the +2 robe "Fugaqer" {rPois rC- Slay+5}
   (You found it on level 8 of the Dungeon)

   Slay+5:    It affects your accuracy & damage with ranged weapons and melee
   (+5).
   rC-:       It makes you vulnerable to cold.
   rPois:     It protects you from poison
 L - a +1 hat
 M - a +2 hat of stealth (worn)
 O - the +0 ring mail of the Other World {rN+ rCorr MP-9 Str+2}
   (You bought it in a shop on level 10 of the Dungeon)

   Str+2:     It affects your strength (+2).
   rN+:       It protects you from negative energy.
   MP-9:      It affects your magic capacity (-9).
   rCorr:     It protects you from acid and corrosion.
 P - a +2 pair of gloves of strength (worn)
 V - a +1 cloak (worn)
Jewellery
 e - an amulet of regeneration (around neck)
 l - a ring of protection from cold
 n - a ring of willpower
 u - a ring of wizardry
 v - a ring of protection from fire (right hand)
 H - a +6 ring of strength
 I - a ring of see invisible
 J - a ring of positive energy
 S - a +4 ring of slaying (left hand)
 Y - an amulet of reflection
Wands
 p - a wand of roots (16)
 y - a wand of digging (8)
 T - a wand of charming (10)
 W - a wand of flame (5)
Scrolls
 h - 4 scrolls of teleportation
 q - 3 scrolls of noise
 r - 2 scrolls of amnesia
 s - a scroll of poison
 w - 2 scrolls of immolation
 B - 2 scrolls of enchant armour
 Q - a scroll of fear
Potions
 d - a potion of might
 f - a potion of brilliance
 g - 2 potions of degeneration
 i - 3 potions of curing
 m - 2 potions of enlightenment
 o - 3 potions of attraction
 t - a potion of magic
 A - 2 potions of mutation
 C - 3 potions of resistance
 K - 2 potions of berserk rage
 R - a potion of haste {unknown}
 X - a potion of lignification {unknown}


   Skills:
 - Level 10.0 Fighting
 - Level 7.0 Short Blades
 - Level 9.7(10.0) Axes
 - Level 3.4(7.6) Maces & Flails
 - Level 5.0 Throwing
 - Level 7.9 Armour
 + Level 4.2 Dodging
 - Level 6.0 Shields
 - Level 4.5 Spellcasting
 - Level 1.1 Transmutations
 - Level 7.2 Ice Magic
 - Level 5.0 Evocations


You had 18 spell levels left.
You knew the following spells:

 Your Spells              Type           Power      Damage    Failure   Level
a - Ensorcelled Hibernat  Hex/Ice        16%        N/A       12%         2

Your spell library contained the following spells:

 Spells                   Type           Power      Damage    Failure   Level
 Sting                    Tmut/Pois      12%        1d3       26%         1
 Magic Dart               Conj           8%         1d3       34%         1
 Summon Small Mammal      Summ           8%         N/A       34%         1
 Blink                    Tloc           4%         N/A       45%         2
 Lesser Beckoning         Tloc           4%         N/A       45%         2
 Momentum Strike          Conj/Tloc      4%         3d8       45%         2
 Poisonous Vapours        Pois/Air       4%         N/A       45%         2
 Searing Ray              Conj           4%         2d4       45%         2
 Call Canine Familiar     Summ           2%         N/A       71%         3
 Summon Guardian Golem    Hex/Summ       2%         N/A       71%         3
 Anguish                  Hex/Necr       1%         N/A       98%         4
 Fulminant Prism          Conj/Hex       1%         3d5       98%         4
 Leda's Liquefaction      Hex/Erth       1%         N/A       98%         4
 Olgreb's Toxic Radiance  Pois           2%         N/A       98%         4
 Iskenderun's Battlesphe  Conj           2%         2d6       100%        5
 Lee's Rapid Deconstruct  Erth           1%         3d4*      100%        5
 Leda's Unmaking          Conj/Erth      1%         9d1       100%        6
 Spellforged Servitor     Conj/Summ      1%         N/A       100%        7


Dungeon Overview and Level Annotations

Branches:
Dungeon (15/15)            Temple (0/1) D:7            Lair (0/5) D:10
    Orc (0/2) D:10        Ossuary (visited)          Bailey (visited)
 Vaults: D:13-14     Depths: D:15

Altars:
Ashenzari
Elyvilon
Gozag
Hepliaklqana
Kikubaaqudgha
Makhleb
Qazlal
Sif Muna
Trog
Vehumet
Xom
The Shining One

Shops:
D:3 ?   D:7 =   D:10 [   D:11 [


Innate Abilities, Weirdness & Mutations

You are immune to sickness and miasma.
Your stone body is resilient. (AC +8)
You are immune to poison.
You resist negative energy. (rN+)
You are resistant to electric shocks. (rElec)
You are resistant to unholy torment.
You are immune to petrification.


Message History

You slash the slime creature!
Lightning courses through the slime creature!
The slime creature is almost dead.
You block the slime creature's attack.
A slime creature comes into view.
Two slime creatures merge to form a large slime creature.
You hit the large slime creature.
The large slime creature is heavily wounded.
You slash the large slime creature!
The large slime creature is heavily wounded.
You block the large slime creature's attack.
Two slime creatures merge to form a very large slime creature.
Unknown command.
You slice the very large slime creature!!
Lightning courses through the very large slime creature!
The very large slime creature is heavily wounded.
You slash the very large slime creature!
The very large slime creature is heavily wounded.
The very large slime creature hits you!!
A slime creature comes into view.
You slash the very large slime creature!
The very large slime creature is severely wounded.
The very large slime creature hits you!!!
Ouch! That really hurt!
* * * LOW HITPOINT WARNING * * *
Unknown command.
A slime creature comes into view.
The very large slime creature attacks as it pursues you!
You block the very large slime creature's attack.
Aiming: Corrosive Bolt
Press: ? - help, Shift-Dir - straight line, f - very large slime creature
Aim: a very large slime creature (severely wounded, 94% to hit)
The bolt of acid hits the very large slime creature!!
The acid corrodes the very large slime creature!
The very large slime creature is severely wounded.
The now-empty wand crumbles to dust.
The very large slime creature hits you!!!
Ouch! That really hurt!
You die...
Your body crumbles into a pile of gold.

###.#######
#.# .# #.#
.# #.# .#
#.# .#
#.###### .#
#......# .#
#######.##.#
#.......J@.#
#.###.$J####
#.......#
#####J^.#
.......
#########


You could see a very large slime creature (corroded) and 2 slime creatures.

Vanquished Creatures
  2 centaur warriors (D:14)
  4 two-headed ogres
  A boulder beetle (D:14)
  4 skeletal warriors (D:14)
  Amaemon (D:11)
  3 ugly things (D:14)
  An oklob plant (D:10)
  A manticore (D:14)
  A cyclops (D:11)
  3 unseen horrors
  An orange demon (D:11)
  Maggie (D:7)
  An unseen horror zombie (D:7)
  2 kobold demonologists
  2 hornets
  Prince Ribbit (D:6)
  Grinder (D:3)
  5 slime creatures
  A jumping spider (shapeshifter) (D:14)
  A shadow (D:9)
  2 wyverns
  A spriggan (D:10)
  3 wraiths
  A vampire (D:12)
  10 yaks
  A steam dragon (D:8)
  Grum (Bailey)
  2 vampire mosquitoes (D:14)
  2 water moccasins
  Duvessa (D:6)
  3 acid dragons
  A hornet zombie (D:7)
  2 ice beasts
  5 orc warriors
  A black bear (D:7)
  8 centaurs
  2 wolves (Bailey)
  3 ogres
  2 phantoms (D:5)
  2 kobold brigands
  2 bullfrogs
  10 gnoll sergeants
  A wyvern zombie (D:7)
  2 scorpions
  3 wights (D:9)
  13 killer bees
  Dowan (D:5)
  5 howler monkeys
  A bullfrog zombie (D:7)
  4 centaur zombies (D:7)
  2 orc priests
  4 hounds
  A human zombie (D:7)
  6 gnoll boudas (Bailey)
  5 iguanas
  8 orc wizards
  2 killer bee zombies (D:7)
  8 mummies (Ossuary)
  A howler monkey zombie (D:7)
  12 adders
  19 gnolls
  A shadow imp (D:5)
  4 white imps
  An ufetubus (D:5)
  4 worms (D:9)
  A dart slug (D:2)
  47 orcs
  6 endoplasms
  2 giant cockroaches
  7 goblins
  5 hobgoblins
  8 jackals
  5 quokkas
  5 ball pythons
  6 bats
  4 frilled lizards
  4 gnoll zombies (Ossuary)
  12 kobolds
  2 kobold zombies (Ossuary)
  2 orc zombies (Ossuary)
  10 rats
336 creatures vanquished.

Vanquished Creatures (others)
  A ball python (D:4)
  A kobold (D:6)
2 creatures vanquished.

Grand Total: 338 creatures vanquished

Notes
Turn   | Place    | Note
-------+----------+-------------------------------------------
     0 | D:1      | Newt the Gargoyle Fighter began the quest for the Orb.
     0 | D:1      | Reached XP level 1. HP: 14/14 MP: 1/1
     6 | D:1      | Noticed a snapping turtle
     6 | D:1      | Noticed an anaconda
     7 | D:1      | Noticed a lindwurm
     7 | D:1      | Noticed a rime drake
    36 | D:1      | Reached XP level 2. HP: 20/20 MP: 2/2
    58 | D:1      | Reached skill level 4 in Fighting
   625 | D:2      | Reached XP level 3. HP: 24/24 MP: 3/3
   851 | D:2      | Identified the +5 dagger of the Lettuce {venom, rElec Str+5
                  | Dex+3}
  1046 | D:2      | Reached XP level 4. HP: 29/29 MP: 4/4
  1068 | D:2      | Reached skill level 1 in Short Blades
  1330 | D:3      | Found Facaf's Magic Scroll Emporium.
  1357 | D:3      | Bought a scroll of identify for 24 gold pieces
  1470 | D:3      | Noticed Grinder
  1484 | D:3      | Paralysed by Grinder for 3 turns
  1500 | D:3      | Killed Grinder
  1501 | D:3      | Reached XP level 5. HP: 7/33 MP: 5/5
  1501 | D:3      | Reached XP level 6. HP: 8/38 MP: 6/6
  1883 | D:3      | Found a faded altar of an unknown god.
  2104 | D:3      | Found an opulent altar of Gozag.
  2108 | D:3      | Found a shimmering altar of Xom.
  2110 | D:3      | Found a radiant altar of Vehumet.
  2121 | D:3      | Became a worshipper of Gozag Ym Sagoz the Greedy
  2141 | D:3      | Found a glowing golden altar of the Shining One.
  2144 | D:3      | Found a stormy altar of Qazlal.
  2678 | D:3      | Reached skill level 5 in Armour
  2681 | D:3      | Reached XP level 7. HP: 29/43 MP: 7/7
  2742 | D:3      | Found a burning altar of Makhleb.
  3327 | D:4      | Found a white marble altar of Elyvilon.
  3761 | D:5      | Entered Level 5 of the Dungeon
  3772 | D:5      | Noticed a two-headed ogre
  3787 | D:4      | HP: 1/44 [gnoll/+0 halberd (8)]
  4069 | D:5      | Reached skill level 5 in Fighting
  4378 | D:5      | Killed a two-headed ogre
  4379 | D:5      | Reached skill level 7 in Fighting
  4379 | D:5      | Reached XP level 8. HP: 52/53 MP: 8/8
  4427 | D:5      | Found a shimmering blue altar of Sif Muna.
  4448 | D:5      | Reached skill level 1 in Evocations
  4880 | D:6      | Noticed Dowan
  4882 | D:6      | Noticed Duvessa
  4921 | D:5      | Reached XP level 9. HP: 32/57 MP: 9/9
  5022 | D:6      | Killed Duvessa
  5038 | D:5      | Killed Dowan
  5303 | D:6      | Reached skill level 5 in Evocations
  5319 | D:6      | Found a sand-covered staircase.
  5326 | Ossuary  | Entered an ossuary
  5931 | D:3      | Bought a scroll of acquirement for 624 gold pieces
  5931 | D:3      | Acquired a manual of Ice Magic
  5933 | D:3      | Acquired a manual of Transmutations
  5935 | D:3      | Bought a scroll of poison for 48 gold pieces
  5935 | D:3      | Bought a scroll of enchant armour for 90 gold pieces
  5935 | D:3      | Bought a scroll of enchant weapon for 90 gold pieces
  6445 | D:7      | Noticed Prince Ribbit
  6445 | D:7      | Found Noares's Jewellery Shop.
  6456 | D:6      | Reached skill level 5 in Short Blades
  6463 | D:6      | HP: 1/57 [iguana (8)]
  6496 | D:6      | Killed Prince Ribbit
  6888 | D:7      | Noticed Maggie
  6920 | D:7      | Killed Maggie
  6921 | D:7      | Reached skill level 1 in Transmutations
  6956 | D:7      | Reached skill level 1 in Ice Magic
  6961 | D:7      | Reached skill level 1 in Spellcasting
  7267 | D:7      | Noticed a hornet
  7277 | D:7      | Killed a hornet
  7278 | D:7      | Reached XP level 10. HP: 46/63 MP: 11/13
  7287 | D:7      | Learned a level 2 spell: Ensorcelled Hibernation
  7482 | D:7      | Reached skill level 5 in Ice Magic
  7793 | D:7      | Found an ancient bone altar of Kikubaaqudgha.
  8026 | D:7      | Found a staircase to the Ecumenical Temple.
  8232 | D:8      | Identified the +2 robe "Fugaqer" {rPois rC- Slay+5}
  8483 | D:8      | Found a broken altar of Ashenzari.
  9439 | D:9      | Found a flagged portal.
  9454 | Bailey   | Entered a bailey
  9649 | Bailey   | Reached skill level 8 in Fighting
 10212 | Bailey   | HP: 1/64 [gnoll sergeant/+0 halberd (7)]
 10280 | Bailey   | HP: 2/64 [wolf (3)]
 10346 | Bailey   | Identified the +7 leather armour of the Playwright {Rampage
                  | rCorr}
 10413 | Bailey   | Noticed Grum
 10418 | Bailey   | Killed Grum
 10660 | Bailey   | Reached skill level 1 in Throwing
 11789 | D:9      | Reached XP level 11. HP: 69/69 MP: 17/17
 11849 | D:9      | Reached skill level 5 in Throwing
 12458 | D:9      | Noticed a moth of wrath
 12460 | D:9      | Found a bloodstained altar of Trog.
 12817 | D:10     | Entered Level 10 of the Dungeon
 12819 | D:10     | Noticed a two-headed ogre
 12837 | D:10     | Killed a two-headed ogre
 13086 | D:10     | Reached skill level 1 in Axes
 13263 | D:10     | Found a staircase to the Orcish Mines.
 13291 | D:10     | Noticed a two-headed ogre
 13302 | D:10     | Killed a two-headed ogre
 13631 | D:10     | Found Piz Bauk's Antique Armour Shoppe.
 13638 | D:10     | Bought a distressingly furry ring mail for 297 gold pieces
 13638 | D:10     | Identified the +0 ring mail of the Other World {rN+ rCorr
                  | MP-9 Str+2} (You bought it in a shop on level 10 of the
                  | Dungeon)
 13690 | D:10     | Found a staircase to the Lair.
 13690 | D:10     | Noticed an oklob plant
 13696 | D:10     | Killed an oklob plant
 13913 | D:10     | Found a hazy altar of Hepliaklqana.
 14069 | D:11     | Noticed a cyclops
 14076 | D:11     | Killed a cyclops
 14138 | D:11     | Reached skill level 5 in Axes
 14267 | D:7      | Bought a +4 ring of slaying for 1248 gold pieces
 14406 | D:11     | Found Otoumif's Antique Armour Shoppe.
 14531 | D:11     | Bought a pair of glowing gloves for 270 gold pieces
 14636 | D:11     | Noticed a two-headed ogre
 14644 | D:11     | Killed a two-headed ogre
 14708 | D:11     | Noticed Amaemon
 14732 | D:11     | Killed Amaemon
 14733 | D:11     | Reached XP level 12. HP: 73/75 MP: 18/18
 14894 | D:11     | Bought an embroidered cloak for 270 gold pieces
 15445 | D:12     | Noticed a soul eater
 15718 | D:12     | You fall into a shaft and drop 3 floors!
 15718 | D:15     | Entered Level 15 of the Dungeon
 15826 | D:15     | Noticed a tengu warrior
 15827 | D:15     | Noticed a tengu warrior
 16140 | D:14     | Noticed a centaur warrior
 16158 | D:14     | Killed a centaur warrior
 16159 | D:14     | Reached skill level 9 in Fighting
 16235 | D:14     | Noticed a centaur warrior
 16241 | D:14     | Killed a centaur warrior
 16325 | D:14     | Reached skill level 10 in Fighting
 16325 | D:14     | Reached skill level 1 in Dodging
 16551 | D:14     | Noticed a boulder beetle
 16565 | D:14     | Killed a boulder beetle
 16808 | D:14     | Annihilated by a very large slime creature

Illustrated notes

Levels and vault maps discovered:
D:1:      onia_arrival_zoo_common, layout_rooms
D:2:      layout_basic
D:3:      minmay_chambers_of_twos, layout_basic, lemuel_coloured_pillars_altar,
          minmay_overflow_temple_star_hex, serial_shops,
          nicolae_shop_waterfront, basic_ecumenical_altar, uniq_grinder
D:4:      layout_cave_pods, elyvilon_altar_4, minmay_misc_feat_alley
D:5:      layout_cave_pods, mainiacjoe_overflow_small_starburst,
          amcnicky_mini_pool_small
D:6:      layout_rooms, chequers_ossuary_entry_cave, uniq_duvessa
D:7:      layout_basic, lemuel_mausoleum_altar_kikubaaqudgha, temple_pool_b,
          minmay_shop_enchanted_jewellery, uniq_maggie, uniq_prince_ribbit1
D:8:      layout_gridville, cheibrodos_ashenzari_chains,
          kennysheep_decorative_pillar
D:9:      layout_rooms, tgw_trog, enter_bailey_6, roderic_three_in_a_row,
          grunt_ogre_cave
D:10:     layout_cave_pools, mainiacjoe_overflow_concentric_impassable,
          dpeg_oklobed_lair, david_orc_4, serial_shops, shop, the_hattery
D:11:     layout_roguey, serial_shops, nicolae_shop_overgrown_old_shop,
          uniq_amaemon
D:12:     layout_basic, roderic_lattice_a, serial_park_tiny_pond
D:14:     layout_basic
D:15:     grunt_enter_depths_magical_seal, layout_stronghold, serial_glass,
          glass_columns_a, glass_columns_a, item_on_display_a, feat_on_display,
          due_unseen_surprise, feat_on_display, minmay_fire_ice_demons

Skill      XL: |  1  2  3  4  5  6  7  8  9 10 11 12 |
---------------+-------------------------------------+-----
Fighting       | 4 7 8 10 | 10.0
Maces & Flails | 3 |  3.4
Short Blades   | 4 7 |  7.0
Armour         | 4 5 6 7 |  7.9
Shields        | 6 |  6.0
Evocations     | 3 5 |  5.0
Transmutations | 1 |  1.1
Ice Magic      | 3 7 |  7.2
Spellcasting   | 2 4 |  4.5
Throwing       | 3 5 |  5.0
Axes           | 7 9 |  9.7
Dodging        | 4 |  4.2

Action                     |  1- 3 |  4- 6 |  7- 9 | 10-12 || total
---------------------------+-------+-------+-------+-------++-------
  Melee: Flail             |    95 |       |       |       ||    95
         Dagger            |    11 |   114 |   428 |   569 ||  1122
         War axe           |       |       |       |   259 ||   259
  Throw: Boomerang         |       |       |     1 |     7 ||     8
         Throwing net      |       |       |     1 |     2 ||     3
         Dart              |       |       |       |    29 ||    29
  Evoke: Wand              |       |       |     6 |     8 ||    14
    Use: Scroll            |     3 |     1 |    14 |    15 ||    33
         Potion            |       |     2 |    10 |     7 ||    19
   Stab: Distracted        |       |       |     3 |     2 ||     5
         Held in net/web   |       |       |       |     1 ||     1
         Sleeping          |       |       |       |     4 ||     4
 Armour: Scale mail        |    69 |    40 |   207 |    66 ||   382
         Robe              |       |       |       |    37 ||    37
         Leather armour    |       |       |       |   259 ||   259
  Dodge: Dodged            |    57 |    38 |   169 |   333 ||   597
  Block: Buckler           |    22 |    11 |   113 |   179 ||   325

Table legend: (Time is in decaauts)
 A = Elapsed time spent in this place.
 B = Non-inter-level travel time spent in this place.
 C = Inter-level travel time spent in this place.
 D = Time resting spent in this place.
 E = Time spent auto-exploring this place.
 F = Levels seen in this place.
 G = Mean time per level.
                   A        B        C        D        E       F      G
               +--------+--------+--------+--------+--------+-----+--------+
         Total |  16612 |  15877 |    735 |   4881 |   8108 |  16 | 1038.2 |
       Dungeon |  13965 |  13230 |    735 |   3158 |   7733 |  14 |  997.5 |
       Ossuary |    472 |    472 |      0 |    212 |    149 |   1 |  472.0 |
        Bailey |   2175 |   2175 |      0 |   1511 |    226 |   1 | 2175.0 |
               +--------+--------+--------+--------+--------+-----+--------+

Top non-repeatable levels by time:
  Bailey: 2175 daAuts
     D:3: 1613 daAuts
     D:7: 1421 daAuts
    D:10: 1303 daAuts
     D:5: 1266 daAuts
     D:9: 1251 daAuts
     D:4: 1171 daAuts
     D:8: 1123 daAuts
    D:14: 933 daAuts
     D:6: 839 daAuts
    D:12: 807 daAuts
     D:2: 717 daAuts
    D:11: 711 daAuts
     D:1: 640 daAuts
 Ossuary: 472 daAuts
